 Dungeon Crawl Stone Soup version 0.16.0 (webtiles) character file.

93 Minkie the Chucker (level 4, -4/48 HPs)
             Began as an Ogre Hunter on Mar 20, 2015.
             Slain by an orc
             ... wielding a +0 flail
              (7 damage)
             ... on level 3 of the Dungeon.
             The game lasted 00:08:18 (2214 turns).

Minkie the Chucker (Ogre Hunter)                    Turns: 2214, Time: 00:08:18

Health: -4/48      AC:  3    Str: 17    XL:     4   Next: 61%
Magic:  4/4        EV: 10    Int: 11    God:
Gold:   141        SH:  0    Dex: 10    Spells: 0 memorised, 3 levels left

rFire  . . .     SeeInvis .     h - +0 whip
rCold  + . .     Clarity  .     d - +0 animal skin
rNeg   . . .     SustAb   .     (shield restricted)
rPois  .         Gourm    .     (helmet restricted)
rElec  .         Spirit   .     (no cloak)
rCorr  .         Warding  .     (gloves unavailable)
rMut   .         Stasis   .     (boots unavailable)
MR     .....                    (no amulet)
Stlth  +.........               (no ring)
                                u - ring of protection from cold

@: not resistant to hostile enchantments, very unstealthy
A: unfitting armour, tough skin 1
a: no special abilities


You were on level 3 of the Dungeon.
You were not hungry.

You visited 1 branch of the dungeon, and saw 4 of its levels.

You collected 141 gold pieces.

Inventory:

Hand weapons
 h - a +0 whip (weapon)
Missiles
 b - 5 large rocks (quivered)
 c - 2 throwing nets
Armour
 d - a +0 animal skin (worn)
Jewellery
 u - a ring of protection from cold (left hand)
Scrolls
 a - a scroll of recharging {unknown}
 e - a scroll of teleportation {unknown}
 i - a scroll of identify {unknown}
 j - 4 scrolls of remove curse
 m - 3 scrolls of noise {unknown}
 n - 3 scrolls of fog {unknown}
 p - a scroll of blinking {unknown}
 q - a scroll of enchant armour {unknown}
 s - a scroll of amnesia {unknown}
 x - a scroll of magic mapping {unknown}
Potions
 g - 2 potions of agility {unknown}
 k - a potion of cure mutation {unknown}
 l - 2 potions of curing {unknown}
 o - a potion of flight {unknown}
Comestibles
 f - 2 meat rations
 r - 8 fruits
 t - 2 bread rations
 v - a slice of pizza
 w - a chunk of flesh


   Skills:
 + Level 4.0 Fighting
 * Level 3.5 Maces & Flails
 - Level 4.3 Throwing
 + Level 2.5 Dodging
 - Level 0.7 Stealth


You had 3 spell levels left.
You didn't know any spells.

Dungeon Overview and Level Annotations

Branches:
Dungeon (4/15)
 Temple: D:4-7

Altars:
Fedhas

Annotations:
D:3 Robin


Innate Abilities, Weirdness & Mutations

You are too large for most types of armour.
You have tough skin (AC +1).


Message History

The orc shouts!
Found five items.
Found an escape hatch in the ceiling.
There is a stone staircase leading up here.
You hit the goblin!
You kill the goblin!
The hobgoblin shouts!
A jackal comes into view.
You climb upwards.
Level annotation: Robin The orc hits you with a flail.
* * * LOW HITPOINT WARNING * * *
There is a stone staircase leading down here.
You hit the orc.
The orc is moderately wounded.
The orc barely misses you. The orc hits you but does no damage.
Robin roars a battlecry!
The hobgoblin goes into a battle-frenzy!
The orc hits you with a flail!
You die...

#######..####.##......#
#...........#####
##.####.###.# #.#
#.###.# #.# #.....#
##### #.# #######
.....####.########
#####.............#
#.......@#..#####.#
#.###.##o#..#####.###
.. #g............ #
#.>...####.### #
#.###...#####.# #
#.....g.......# #
######.######## # #.# #
##)##


You could see Robin, an orc and a hobgoblin (frenzied).

Vanquished Creatures
  An adder (D:3)
  An adder zombie (D:3)
  6 giant geckos
  An ooze (D:2)
  5 orcs (D:3)
  6 bats
  15 goblins
  7 hobgoblins
  10 kobolds
  A quokka (D:3)
  2 giant cockroaches (D:3)
  4 giant newts
  6 rats
65 creatures vanquished.

Notes
Turn   | Place    | Note
--------------------------------------------------------------
     0 | D:1      | Minkie, the Ogre Hunter, began the quest for the Orb.
     0 | D:1      | Reached XP level 1. HP: 22/22 MP: 1/1
   115 | D:1      | Reached XP level 2. HP: 20/31 MP: 2/2
   122 | D:1      | Reached skill level 1 in Maces & Flails
   609 | D:1      | Reached XP level 3. HP: 26/37 MP: 3/3
  1323 | D:2      | Found a blossoming altar of Fedhas.
  1904 | D:3      | Reached XP level 4. HP: 40/48 MP: 4/4
  2164 | D:3      | Noticed Robin
  2201 | D:3      | HP: 2/48 [goblin/club[Robin] (7)]
  2210 | D:3      | HP: 2/48 [orc/flail (1)]
  2214 | D:3      | Slain by an orc

Action                   |  1- 3 |  4- 6 || total
-------------------------+-------+-------++-------
Melee: Short sword       |    20 |       ||    20
       Whip              |   145 |    55 ||   200
  Use: Scroll            |     1 |       ||     1
 Stab: Sleeping          |     2 |       ||     2
  Eat: Chunk             |     3 |     1 ||     4
